 Dungeon Crawl Stone Soup version 0.26.1-2-gb8aa6d0cf2 (webtiles) character file.

Game seed: 10498201116518668672

1255 windgrace the Ruffian (level 8, -13/120 HPs)
             Began as a Troll Monk on Feb 12, 2021.
             Was a High Priest of Cheibriados.
             Mangled by a two-headed ogre
             ... wielding a +0 giant spiked club
              (18 damage)
             ... on level 6 of the Dungeon.
             The game lasted 00:14:36 (4302 turns).

windgrace the Ruffian (Troll Monk)                  Turns: 4302, Time: 00:14:38

Health: -13/120    AC:  6    Str: 32    XL:     8   Next: 26%
Magic:  4/8        EV: 13    Int: 18    God:    Cheibriados [*****.]
Gold:   285        SH:  0    Dex: 26    Spells: 7/8 levels left

rFire    . . .     SeeInvis .     - Unarmed
rCold    . . .     Faith    .   (no shield)
rNeg     . . .     Spirit   .   a - +0 robe
rPois    .         Reflect  .   (helmet restricted)
rElec    .         Harm     .   (no cloak)
rCorr    +         Rampage  .   (gloves unavailable)
Will     .....                  (boots unavailable)
Stlth    ..........             p - amulet of inaccuracy (curse)
HPRegen  0.70/turn              x - ring of resist corrosion
MPRegen  0.11/turn              (no ring)

@: berserking, slowed, very slow
A: large, unfitting armour, claws 3, regeneration 1, shaggy fur 1, tough skin 3
a: Renounce Religion, Bend Time, Temporal Distortion, Slouch, Step From Time


You were on level 6 of the Dungeon.
You worshipped Cheibriados.
Cheibriados was extremely pleased with you.
You visited 2 branches of the dungeon, and saw 7 of its levels.

You collected 285 gold pieces.

Inventory:

Hand Weapons
 y - a cursed -2 long sword
Missiles
 d - a throwing net (quivered)
Armour
 a - a +0 robe (worn)
Jewellery
 p - a cursed amulet of inaccuracy (around neck)
 x - a ring of resist corrosion (left claw)
Wands
 m - a wand of iceblast (8)
Scrolls
 b - 4 scrolls of identify
 e - 3 scrolls of enchant weapon
 f - a scroll of immolation
 h - a scroll of fear
 i - 2 scrolls of remove curse {unknown}
 q - a scroll of random uselessness
 r - a scroll of noise {unknown}
 u - a scroll of teleportation
 w - a scroll of magic mapping
Potions
 c - 2 potions of mutation {unknown}
 g - a potion of cancellation {unknown}
 j - a potion of berserk rage
 k - a potion of curing {unknown}
 l - 2 potions of brilliance {unknown}
 n - a potion of might
 o - a potion of attraction {unknown}
 s - 3 potions of heal wounds {unknown}
 t - 2 potions of lignification {unknown}
 v - a potion of flight {unknown}


   Skills:
 + Level 5.1 Fighting
 * Level 3.9 Dodging
 - Level 3.0 Stealth
 + Level 6.2 Unarmed Combat
 + Level 0.6 Spellcasting
 + Level 0.8 Summonings


You had 7 spell levels left.
You knew the following spells:

 Your Spells              Type           Power        Failure   Level
a - Summon Small Mammal   Summ           12%          14%         1

Your spell library contained the following spells:

 Spells                   Type           Power        Failure   Level
 Animate Skeleton         Necr           0%           22%         1
 Apportation              Tloc           0%           22%         1
 Corona                   Hex            0%           22%         1


Dungeon Overview and Level Annotations

Branches:
Dungeon (6/15)             Temple (1/1) D:5

Altars:
Cheibriados
Gozag
Makhleb
Nemelex Xobeh
Qazlal
Vehumet
Yredelemnul
Zin
The Shining One


Innate Abilities, Weirdness & Mutations

You are too large for most types of armour.
You have claws for hands.
Your natural rate of healing is unusually fast.
You are covered in fur. (AC +1)
You have extremely tough skin. (AC +3)


Message History

Your bat hits the two-headed ogre. The hornet stings you!
You feel as though you will be slow longer.
Your rat bites the two-headed ogre but does no damage.
The two-headed ogre closely misses you.
The two-headed ogre hits you with a +0 giant spiked club!!
* * * LOW HITPOINT WARNING * * *
It was a potion of berserk rage.
A red film seems to cover your vision as you go berserk!
Cheibriados protects you from inadvertent hurry.
You feel mighty!
Your bat completely misses the hornet.
Your bat hits something but does no damage.
Your bat barely misses something.
Your bat completely misses something.
The hornet stings you.
* * * LOW HITPOINT WARNING * * *
You feel as though you will be slow longer.
Your bat misses something.
Your rat barely misses the two-headed ogre.
The hornet closely misses you.
The two-headed ogre hits you with a +0 giant spiked club!!
You die...

#.# #.# #.# ########
#.# ##$8.##.# #.#
#∩....#.# #.#
#8$$..'.## #.#
#∩b8_$y..#######.#
#8.$b.O@.........#
#....$#r########.###
##.8∩##.# #.#.####
## ### #### #.#...<#
.# #.#.#### .# #...#
.# ##### .# <#


You could see a two-headed ogre, a hornet, 2 friendly bats and a friendly rat
(summoned).

Vanquished Creatures
  An ice beast (D:5)
  A sky beast (D:6)
  An ogre (D:6)
  2 centaurs
  Blork the orc (D:5)
  A water moccasin zombie (D:6)
  A howler monkey (D:4)
  2 hounds (D:4)
  An orc priest (D:4)
  A jelly (D:6)
  An orc wizard (D:4)
  An iguana (D:6)
  Natasha (thrice) (D:4)
  2 worker ants (D:5)
  2 hound skeletons
  5 adders
  8 gnolls
  A white imp (D:5)
  An ooze (D:4)
  2 adder skeletons (D:4)
  2 worms (D:2)
  3 dart slugs
  7 leopard geckos
  10 orcs
  3 giant cockroaches (D:3)
  8 hobgoblins
  3 jackals (D:2)
  3 quokkas
  10 bats
  4 frilled lizards
  6 goblins
  7 kobolds
  A leopard gecko skeleton (D:6)
  A leopard gecko zombie (D:6)
  A quokka skeleton (D:5)
  7 rats
114 creatures vanquished.

Vanquished Creatures (collateral kills)
  The ghost of casanoah the Gusty, an amateur TeAE (D:6)
1 creature vanquished.

Vanquished Creatures (others)
  11 plants (D:4)
11 creatures vanquished.

Grand Total: 126 creatures vanquished

Notes
Turn   | Place    | Note
-------+----------+-------------------------------------------
     0 | D:1      | windgrace the Troll Monk began the quest for the Orb.
     0 | D:1      | Reached XP level 1. HP: 22/22 MP: 0/0
   263 | D:1      | Reached XP level 2. HP: 26/29 MP: 1/1
   704 | D:2      | Reached XP level 3. HP: 34/37 MP: 2/2
   964 | D:2      | Found a faded altar of an unknown god.
   966 | D:2      | Became a worshipper of Cheibriados the Contemplative
   966 | D:2      | Reached * piety under Cheibriados
   966 | D:2      | Reached ** piety under Cheibriados
  1017 | D:2      | Reached *** piety under Cheibriados
  1033 | D:2      | Found a radiant altar of Vehumet.
  1410 | D:3      | Found an opulent altar of Gozag.
  1485 | D:3      | Reached XP level 4. HP: 43/45 MP: 3/3
  1548 | D:3      | Reached skill level 4 in Unarmed Combat
  1795 | D:3      | Reached **** piety under Cheibriados
  2091 | D:4      | Reached XP level 5. HP: 53/53 MP: 4/4
  2108 | D:4      | Noticed Natasha
  2113 | D:4      | Killed Natasha
  2363 | D:4      | Noticed Natasha
  2366 | D:4      | Killed Natasha
  2367 | D:4      | Reached XP level 6. HP: 62/62 MP: 5/5
  2401 | D:4      | Noticed Natasha
  2409 | D:4      | Killed Natasha
  2932 | D:5      | Entered Level 5 of the Dungeon
  3246 | D:5      | Noticed Blork the orc
  3257 | D:5      | Killed Blork the orc
  3258 | D:5      | Reached skill level 5 in Unarmed Combat
  3402 | D:5      | Found a staircase to the Ecumenical Temple.
  3412 | D:5      | Reached XP level 7. HP: 70/70 MP: 6/6
  3628 | D:5      | Reached ***** piety under Cheibriados
  3783 | Temple   | Entered the Ecumenical Temple
  3859 | D:6      | Found a burning altar of Makhleb.
  3867 | D:6      | Found a glowing silver altar of Zin.
  3867 | D:6      | Found a sparkling altar of Nemelex Xobeh.
  3868 | D:6      | Found a stormy altar of Qazlal.
  3869 | D:6      | Found a basalt altar of Yredelemnul.
  3907 | D:6      | Reached skill level 6 in Unarmed Combat
  3918 | D:6      | Learned a level 1 spell: Summon Small Mammal
  4081 | D:6      | Reached XP level 8. HP: 73/79 MP: 7/7
  4101 | D:6      | Reached skill level 5 in Fighting
  4286 | D:6      | Found a runed translucent gate.
  4286 | D:6      | Found a runed translucent gate.
  4288 | D:6      | Found an opulent altar of Gozag.
  4288 | D:6      | Found a runed translucent gate.
  4289 | D:6      | Noticed a two-headed ogre
  4290 | D:6      | Noticed a hornet
  4291 | D:6      | Noticed casanoah's ghost (amateur TeAE)
  4300 | D:6      | Killed casanoah's ghost
  4302 | D:6      | HP: 5/120 [hornet (3)]
  4302 | D:6      | Mangled by a two-headed ogre

Illustrated notes

Levels and vault maps discovered:
D:1:      evilmike_arrival_rings, layout_basic
D:2:      layout_loops_ring, overflow_temple_1_default,
          chequers_ecumenical_altar_twisty
D:3:      layout_basic, grunt_gozag_statues
D:4:      wad_lake_hut, layout_loops_ring, fountainhead,
          chequers_serial_rivers_room_b, uniq_natasha
D:5:      layout_loops_ring, minmay_temple_entry_mist, uniq_blork_the_orc
D:6:      layout_basic, kennysheep_mini, grunt_temple_overflow_open,
          ebering_ghost_gozag, fedhas_ov_isle_minmay
Temple:   dshaligram_water_room_temple

Skill      XL: |  1  2  3  4  5  6  7  8 |
---------------+-------------------------+-----
Fighting       | 3 4 5 |  5.1
Unarmed Combat | 4 5 6 |  6.2
Dodging        | 3 |  3.9
Stealth        | 2 3 |  3.0
Spellcasting   | |  0.6
Summonings     | |  0.8

Action                   |  1- 3 |  4- 6 |  7- 9 || total
-------------------------+-------+-------+-------++-------
Melee: Unarmed           |    92 |   110 |    88 ||   290
       Punch             |       |     2 |     5 ||     7
 Cast: Summon Small Mamm |       |       |     6 ||     6
  Use: Scroll            |       |     1 |     6 ||     7
       Potion            |       |       |     4 ||     4
 Stab: Sleeping          |     4 |     8 |     3 ||    15
       Distracted        |       |     1 |       ||     1
Armor: Robe              |    36 |    30 |    22 ||    88
Dodge: Dodged            |    57 |    53 |    65 ||   175
